 Dungeon Crawl Stone Soup version 0.28.0 (webtiles) character file.

Game seed: 11112263971982838420

931 zeram the Ducker (level 8, -2/78 HPs)
             Began as an Octopode Fighter on Feb 13, 2022.
             Was an Initiate of Gozag.
             Killed from afar by an orc wizard (5 damage)
             ... with a magic dart
             ... on level 5 of the Dungeon.
             The game lasted 00:06:11 (5380 turns).

zeram the Ducker (Octopode Fighter)                 Turns: 5380, Time: 00:06:12

Health: -2/78      AC: 28    Str: 15    XL:     8   Next: 11%
Magic:  8/8        EV:  2    Int: 13    God:    Gozag
Gold:   654        SH:  5    Dex: 11    Spells: 7/7 levels left

rFire   . . .      SeeInvis .   f - +4 dagger
rCold   . . .      Faith    .   b - +0 buckler
rNeg    . . .      Spirit   .   (helmet currently unavailable)
rPois   +          Reflect  .   e - amulet of the acrobat
rElec   .          Harm     .   d - +4 ring of protection
rCorr   .          Rampage  .   (no ring)
Will    .....      NoTele   +   (no ring)
Stlth   +.........              (no ring)
HPRegen 0.23/turn               (no ring)
MPRegen 0.11/turn               (no ring)
                                (no ring)
                                (no ring)

@: tree-form, gold aura
A: stationary, stasis, torment immunity, boosted hp, almost no armour,
(amphibious), 8 rings, (camouflage 1), (gelatinous body 1), (nimble swimmer 1),
(tentacles)
a: Renounce Religion, Potion Petition, Call Merchant, Bribe Branch


You were on level 5 of the Dungeon.
You worshipped Gozag.
Gozag was pleased with you.
You were a tree.
You visited 1 branch of the dungeon, and saw 5 of its levels.

You collected 669 gold pieces.
You paid 15 gold pieces to Gozag.

Inventory:

Hand Weapons
 a - a +0 trident
 f - a +4 dagger (weapon)
Missiles
 c - 3 poisoned darts (quivered)
Armour
 b - a +0 buckler (worn)
Jewellery
 d - a +4 ring of protection (left branch)
 e - an amulet of the acrobat (around neck)
Wands
 h - a wand of charming (12)
 i - a wand of iceblast (15)
Scrolls
 l - a scroll of immolation
 m - 2 scrolls of teleportation
 n - a scroll of identify
Potions
 k - a potion of magic


   Skills:
 - Level 3.0 Fighting
 - Level 2.6 Polearms
 + Level 7.4 Dodging
 + Level 6.4 Shields


You had 7 spell levels left.
You didn't know any spells.
Your spell library contained the following spells:

 Spells                   Type           Power      Damage    Failure   Level
 Animate Skeleton         Necr           0%         N/A       36%         1
 Pain                     Necr           0%         1d4       36%         1
 Vampiric Draining        Necr           0%         2d6       75%         3
 Summon Lightning Spire   Summ/Air       0%         N/A       98%         4
 Storm Form               Tmut/Air       0%         N/A       100%        7
 Maxwell's Capacitive Co  Air            0%         ∞         100%        8


Dungeon Overview and Level Annotations

Branches:
Dungeon (5/15)
 Temple: D:4-7

Altars:
Gozag

Shops:
D:1 (   D:5 *


Innate Abilities, Weirdness & Mutations

You are a tree.
Your roots penetrate the ground, keeping you stationary.
You cannot be teleported.
You are immune to unholy pain and torment.
Your maximum health is greatly increased.
You cannot wear most types of armour.
((You are amphibious.))
You can wear up to eight rings at the same time.
((Your skin changes colour to match your surroundings (Stealth+).))
((Your rubbery body absorbs attacks. (AC +1, EV +1)))
((You are camouflaged when in or above water. (Stealth+)))
((You have tentacles for arms and can constrict up to eight enemies at once.))


Message History

You continue putting on your amulet of the acrobat.
Something hits you but does no damage.
You continue putting on your amulet of the acrobat.
An orc wizard appears from thin air!
Reactivating autopickup.
You block the orc wizard's attack.
You finish putting on your amulet of the acrobat.
You feel ready to tumble and roll out of harm's way.
e - an amulet of the acrobat (around neck)
Okay, then.
Unknown command.
Okay, then.
Okay, then.
You hit the orc wizard.
The orc wizard is heavily wounded.
The orc wizard hits you but does no damage.
You hit the orc wizard.
The orc wizard is heavily wounded.
You block the orc wizard's attack.
You closely miss the orc wizard.
The orc wizard is heavily wounded.
An orc wizard appears from thin air!
The orc wizard points at you and mumbles some strange words.
The puff of flame hits you but does no damage.
You barely miss the orc wizard.
The orc wizard is heavily wounded.
The orc wizard hits you but does no damage.
You closely miss the orc wizard.
The orc wizard is heavily wounded.
The orc wizard hits you but does no damage.
You hit the orc wizard.
The orc wizard is almost dead.
The orc wizard hits you with a +0 dagger.
* * * LOW HITPOINT WARNING * * *
You hit the orc wizard.
You kill the orc wizard!
The orc wizard casts a spell at you. The magic dart hits you.
You die...
Your body crumbles into a pile of gold.

...# #....# ##.......##
# ...# #.#### ##.....##
# .### #.# ##...## # .#
#.# ##'## # .# #.# #.# #
)# ####$####
####.####### ##
#...$.oo#####........<##
#.#####$#.........###.##
#♣#.###...........
#.....#.#...#.#.##
#.#.#.......#.#.#
#.#####.#.....#.###.#.#
#.......#.###.........#
#########.#####.#######
#.......# #########


You could see an orc wizard and an orc.

Vanquished Creatures
  A water moccasin (D:5)
  A black bear (D:5)
  An ogre (D:5)
  2 scorpions (D:5)
  A water moccasin skeleton (D:5)
  A centaur zombie (D:5)
  2 hounds
  A jelly (D:5)
  2 orc priests
  3 iguanas (D:4)
  4 orc wizards
  7 adders
  A white imp (D:5)
  A worm (D:4)
  2 dart slugs (D:2)
  14 orcs
  6 bats
  7 endoplasms
  7 giant cockroaches
  3 hobgoblins
  4 jackals (D:3)
  2 quokkas
  4 ball pythons
  2 frilled lizards
  4 goblins
  7 kobolds
  8 rats
98 creatures vanquished.

Notes
Turn   | Place    | Note
-------+----------+-------------------------------------------
     0 | D:1      | zeram the Octopode Fighter began the quest for the Orb.
     0 | D:1      | Reached XP level 1. HP: 16/16 MP: 1/1
    39 | D:1      | Found Nirajihor's Weapon Shop.
   432 | D:1      | Reached XP level 2. HP: 21/21 MP: 2/2
   519 | D:1      | Found a faded altar of an unknown god.
   767 | D:2      | Reached XP level 3. HP: 26/26 MP: 3/3
   916 | D:2      | Found an opulent altar of Gozag.
   930 | D:2      | Became a worshipper of Gozag Ym Sagoz the Greedy
  1410 | D:3      | Reached skill level 4 in Dodging
  1410 | D:3      | Reached XP level 4. HP: 21/31 MP: 4/4
  2289 | D:4      | Reached XP level 5. HP: 36/36 MP: 5/5
  2941 | D:4      | Reached skill level 5 in Dodging
  2941 | D:4      | Reached XP level 6. HP: 30/42 MP: 6/6
  3515 | D:5      | Entered Level 5 of the Dungeon
  3587 | D:5      | Reached skill level 5 in Shields
  3742 | D:5      | Noticed a black bear
  3749 | D:5      | Killed a black bear
  3750 | D:5      | Reached skill level 6 in Dodging
  3750 | D:5      | Reached XP level 7. HP: 46/46 MP: 7/7
  4090 | D:5      | HP: 2/46 [poisoned by an adder]
  4587 | D:5      | Reached skill level 7 in Dodging
  4671 | D:5      | Reached XP level 8. HP: 20/52 MP: 8/8
  5235 | D:5      | Found Itof's Gadget Gallery.
  5365 | D:5      | HP: 2/52 [something (3)]
  5379 | D:5      | HP: 3/78 [orc wizard (2)]
  5380 | D:5      | Killed from afar by an orc wizard

Illustrated notes

Levels and vault maps discovered:
D:1:      lemuel_arrival_funnel, layout_loops_cross, serial_shops,
          nicolae_shop_trees, ebering_ecumenical_altar_abandoned,
          serial_bayou_crossing
D:2:      layout_basic, basic_altar
D:3:      layout_basic, hangedman_abyss_or_decor_stabs
D:4:      layout_basic, lightli_sewer_entry_pipes, grunt_ministairs_12,
          kennysheep_generic_room_6
D:5:      layout_loops_corners, nicolae_shop_gadgets

Skill      XL: |  1  2  3  4  5  6  7 |
---------------+----------------------+-----
Dodging        | 4 5 6 7 |  7.4
Shields        | 4 5 6 |  6.4
Fighting       | |  3.0
Polearms       | |  2.6

Action                   |  1- 3 |  4- 6 |  7- 9 || total
-------------------------+-------+-------+-------++-------
Melee: Trident           |    54 |       |       ||    54
       Constrict         |    14 |    22 |    12 ||    48
       Tentacles         |    11 |    12 |    15 ||    38
       Punch             |     1 |     2 |     2 ||     5
       Dagger            |    24 |    82 |    74 ||   180
  Use: Scroll            |     4 |     4 |       ||     8
       Potion            |       |     1 |     3 ||     4
 Stab: Sleeping          |    14 |    10 |     1 ||    25
Armor: Skin              |     2 |     4 |     9 ||    15
Dodge: Dodged            |    29 |    34 |    51 ||   114
Block: Buckler           |    10 |    11 |    14 ||    35
